 Dungeon Sprint DCSS version 0.20.1-1-g8b1a95d (webtiles) character file.

10605 equalderp2856 the Severer (level 11, -3/85 (88) HPs)
             Began as a Minotaur Fighter on Oct 8, 2017.
             Slain by a lindwurm (10 damage)
             ... in the Dungeon (Sprint I: "Red Sonja").
             The game lasted 00:06:22 (3083 turns).

equalderp2856 the Severer (Minotaur Fighter)        Turns: 3083, Time: 00:06:22

HP:   -3/85 (88)    AC: 13    Str: 17      XL:     11   Next: 38%
MP:   7/7           EV:  9    Int:  1 (2)  God:
Gold: 995           SH: 12    Dex:  7 (8)  Spells: 10/10 levels left

rFire    . . .     SeeInvis .   a - +0 war axe
rCold    . . .     Gourm    .   c - +0 shield
rNeg     . . .     Faith    .   r - +2 chain mail of the Albatross {+Fly rPois Slay+3 Stlth+}
rPois    +         Spirit   .   (helmet restricted)
rElec    .         Reflect  .   (no cloak)
rCorr    .         Harm     .   (no gloves)
MR       .....     Rnd*Rage +   p - +0 pair of boots Stlth ..........NoTele +
                                (no amulet)
Regen    0.0/turn               (no ring)
MPRegen  0.1/turn               (no ring)

@: no status effects
A: retaliatory headbutt, horns 2, berserk 3, blurry vision 3, clumsy 2, deformed
body, deterioration 2, dopey 2, frail 2, low mp 3, screaming 3, inhibited
regeneration, weak 2, evolution 1, no potion heal 3, subdued magic 3, MP-powered
wands
a: Evoke Flight


You were in the Dungeon.
You were very hungry.

You visited 1 branch You collected 1608 gold pieces.
You spent 613 gold pieces at shops.

Inventory:

Hand Weapons
 a - a +0 war axe (weapon)
Armour
 b - a +0 scale mail
 c - a +0 shield (worn)
 p - a +0 pair of boots (worn)
 q - a +0 chain mail
 r - the +2 chain mail of the Albatross (worn) {+Fly rPois Slay+3 Stlth+}
   (You bought it in a shop in the Dungeon)

   It affects your accuracy and damage with ranged weapons and melee attacks
   (+3).
   It protects you from poison.
   It lets you fly.
   It makes you more stealthy.
Wands
 l - a wand of polymorph (3/24)
 n - a wand of flame (31/48)
Scrolls
 g - a scroll of fog {unknown}
 k - a scroll of random uselessness {unknown}
 u - a scroll of identify {unknown}
 w - a scroll of amnesia {unknown}
Potions
 d - a potion of might
 e - 4 potions of curing
 h - a potion of haste
 i - 2 potions of magic
 j - 2 potions of flight {unknown}
 m - 2 potions of lignification {unknown}
 o - a potion of degeneration {unknown}
 t - 2 potions of mutation
Miscellaneous
 v - a lightning rod (4/4)
Comestibles
 f - 3 bread rations
 s - a royal jelly


   Skills:
 + Level 14.9 Fighting
 + Level 19.6 Axes
 + Level 15.1 Armour
 + Level 6.2 Dodging
 + Level 1.2 Stealth
 + Level 13.7 Shields
 + Level 3.4 Unarmed Combat
 + Level 1.1 Evocations


You had 10 spell levels left.
You didn't know any spells.

Dungeon Overview and Level Annotations

Branches:
Dungeon (1/1)

Altars:
Cheibriados
Dithmenos
Elyvilon
Fedhas
Gozag
Hepliaklqana
Kikubaaqudgha
Makhleb
Nemelex Xobeh
Okawaru
Qazlal
Ru
Sif Muna
Trog
Uskayaw
Vehumet
Xom
Yredelemnul
Zin
The Shining One
Jiyva
Lugonu

Shops:
D =:!=%[[}:*?::*:(*(%[=


Innate Abilities, Weirdness & Mutations

You reflexively headbutt those who attack you in melee.
You have a pair of horns on your head.
You have an uncontrollable temper.
Scrolls take you much longer to read.
You are very clumsy. (Dex -4)
Armour fits poorly on your strangely shaped body.
Your body often deteriorates upon taking damage.
You are very dopey. (Int -4)
You are very frail. (-20% HP)
Your magical capacity is extremely low. (-30% MP)
You frequently scream uncontrollably at your foes.
You do not regenerate when monsters are visible.
You are very weak. (Str -4)
You evolve.
Potions cannot restore your health.
Your spells are much easier to cast, but much less powerful.
You expend magic power (3 MP) to strengthen your wands.


Message History

You hit the lindwurm but do no damage.
The lindwurm is moderately wounded.
You hit the lindwurm.
You headbutt the lindwurm, but do no damage.
The lindwurm is moderately wounded.
The lindwurm bites you!
The lindwurm claws you but does no damage. x2
You slice the lindwurm!!
The lindwurm is severely wounded.
The lindwurm breathes flames at you. The blast of flame hits you!
* * * LOW HITPOINT WARNING * * *
Your body deteriorates!
You feel clumsy.
You hit the lindwurm.
The lindwurm is severely wounded.
Unknown command.
You slash the lindwurm! Your headbutt misses the lindwurm.
The lindwurm is almost dead.
The lindwurm bites you!
You die...

####################
.#__#..)...#§.#§@k§+
.'^.'..#).†##§#§####
'#__####...†..#.#
)####§§#####.§'.#
(#§§§§§#..##+####
.§§§≈.§'..#
_#≈§§§§#..#
'##§#####'###
[#(§§[###.'.#


You could see a lindwurm.

Vanquished Creatures
  2 centaur warriors (D)
  A deep troll (D)
  2 unseen horrors (D)
  8 shining eyes (D)
  An oklob plant (D)
  A rime drake (D)
  2 kobold demonologists (D)
  4 demonic crawlers (D)
  A hornet (D)
  A slime creature (D)
  Sigmund (D)
  2 redbacks (D)
  A yak (D)
  6 floating eyes (D)
  7 necrophages (D)
  An ogre (D)
  8 jellies (D)
  Ijyb (D)
  3 ballistomycetes (D)
53 creatures vanquished.

Vanquished Creatures (others)
  A gargoyle (D)
  2 ballistomycete spores (D)
3 creatures vanquished.

Grand Total: 56 creatures vanquished

Notes
Turn   | Place    | Note
-------+----------+-------------------------------------------
     0 | D        | equalderp2856 the Minotaur Fighter began the quest for the Orb.
     0 | D        | Reached XP level 1. HP: 19/19 MP: 0/0
     2 | D        | Noticed Ijyb
    13 | D        | Killed Ijyb
    13 | D        | Reached skill level 3 in Axes
    13 | D        | Reached skill level 5 in Shields
    13 | D        | Reached XP level 2. HP: 26/28 MP: 1/1
    29 | D        | Noticed an ogre
    33 | D        | Killed an ogre
    33 | D        | Reached skill level 5 in Axes
    33 | D        | Reached XP level 3. HP: 12/38 MP: 2/2
    33 | D        | Reached XP level 4. HP: 14/45 MP: 3/3
   238 | D        | Noticed Sigmund
   248 | D        | Killed Sigmund
   248 | D        | Reached skill level 7 in Axes
   248 | D        | Reached skill level 1 in Unarmed Combat
   248 | D        | Reached XP level 5. HP: 42/53 MP: 4/4
   322 | D        | Found a burning altar of Makhleb.
   322 | D        | Found a viscous altar of Jiyva.
   322 | D        | Found a shimmering altar of Xom.
   322 | D        | Found a corrupted altar of Lugonu.
   322 | D        | Noticed a slime creature
   330 | D        | Killed a slime creature
   330 | D        | Reached skill level 8 in Axes
   330 | D        | Reached skill level 1 in Dodging
   330 | D        | Reached XP level 6. HP: 39/62 MP: 5/5
   463 | D        | Found a deep blue altar of Sif Muna.
   465 | D        | Found a radiant altar of Vehumet.
   473 | D        | Found Farovos's Jewellery Emporium.
   473 | D        | Found an ancient bone altar of Kikubaaqudgha.
   473 | D        | Found a hazy altar of Hepliaklqana.
   473 | D        | Found a stormy altar of Qazlal.
   473 | D        | Found a hide-covered altar of Uskayaw.
   473 | D        | Found a blossoming altar of Fedhas.
   473 | D        | Found a bloodstained altar of Trog.
   473 | D        | Found an iron altar of Okawaru.
   473 | D        | Found a basalt altar of Yredelemnul.
   473 | D        | Found a glowing golden altar of the Shining One.
   473 | D        | Found a snail-covered altar of Cheibriados.
   473 | D        | Found a sacrificial altar of Ru.
   473 | D        | Found a glowing silver altar of Zin.
   473 | D        | Found a shadowy altar of Dithmenos.
   473 | D        | Found a white marble altar of Elyvilon.
   473 | D        | Noticed a yak
   480 | D        | Killed a yak
   480 | D        | Reached skill level 9 in Axes
   480 | D        | Reached skill level 10 in Armour
   480 | D        | Reached XP level 7. HP: 67/70 MP: 6/6
   482 | D        | Found an opulent altar of Gozag.
   511 | D        | Noticed Sonja
   512 | D        | Noticed Sonja
   512 | D        | Sonja changed into Sonja the rime drake
   515 | D        | Killed Sonja the rime drake
   515 | D        | Reached skill level 10 in Axes
   515 | D        | Reached skill level 10 in Shields
   535 | D        | Noticed a deep troll
   552 | D        | Killed a deep troll
   552 | D        | Reached skill level 10 in Fighting
   552 | D        | Reached skill level 12 in Axes
   552 | D        | Reached XP level 8. HP: 64/80 MP: 7/7
   677 | D        | Found Setim's Armour Emporium.
   719 | D        | Noticed a centaur warrior
   720 | D        | Noticed a centaur warrior
   744 | D        | Killed a centaur warrior
   744 | D        | Reached skill level 13 in Axes
   744 | D        | Reached XP level 9. HP: 59/86 MP: 8/8
   752 | D        | Killed a centaur warrior
   752 | D        | Reached skill level 14 in Axes
   752 | D        | Reached skill level 5 in Dodging
   937 | D        | Bought a +0 pair of boots for 58 gold pieces
  1018 | D        | Found Cize's Jewellery Boutique.
  1047 | D        | Bought a +0 chain mail for 58 gold pieces
  1081 | D        | Noticed a shining eye
  1081 | D        | Noticed a shining eye
  1081 | D        | Noticed a shining eye
  1081 | D        | Noticed a shining eye
  1081 | D        | Noticed a shining eye
  1081 | D        | Noticed a shining eye
  1082 | D        | Paralysed by a floating eye for 4 turns
  1083 | D        | Gained mutation: Your body sometimes deteriorates upon taking damage. [a shining eye]
  1084 | D        | Gained mutation: You tend to lose your temper in combat. [a shining eye]
  1084 | D        | Gained mutation: You are clumsy. (Dex -2) [a shining eye]
  1087 | D        | Gained mutation: You often lose your temper in combat. [a shining eye]
  1088 | D        | Gained mutation: Your flesh is cold resistant. (rC+) [a shining eye]
  1089 | D        | Gained mutation: Your body often deteriorates upon taking damage. [a shining eye]
  1090 | D        | Gained mutation: Your spells are a little easier to cast, but a little less powerful. [a shining eye]
  1093 | D        | Gained mutation: You expend magic power (3 MP) to strengthen your wands. [a shining eye]
  1094 | D        | Gained mutation: Your magical capacity is low. (-10% MP) [a shining eye]
  1095 | D        | Gained mutation: Your spells are easier to cast, but less powerful. [a shining eye]
  1096 | D        | Gained mutation: You are frail. (-10% HP) [a shining eye]
  1099 | D        | Gained mutation: You evolve. [a shining eye]
  1101 | D        | Gained mutation: You are weak. (Str -2) [a shining eye]
  1105 | D        | Gained mutation: You are very weak. (Str -4) [a shining eye]
  1106 | D        | Gained mutation: Potions are less effective at restoring your health. [a shining eye]
  1108 | D        | Gained mutation: You are dopey. (Int -2) [a shining eye]
  1109 | D        | Gained mutation: You are very clumsy. (Dex -4) [a shining eye]
  1109 | D        | Gained mutation: You do not regenerate when monsters are visible. [a shining eye]
  1109 | D        | Gained mutation: Scrolls take you a little longer to read. [a shining eye]
  1110 | D        | Gained mutation: Your magical capacity is very low. (-20% MP) [a shining eye]
  1111 | D        | Gained mutation: Potions are poor at restoring your health. [a shining eye]
  1111 | D        | Gained mutation: You are very dopey. (Int -4) [a shining eye]
  1112 | D        | Gained mutation: Your magical capacity is extremely low. (-30% MP) [a shining eye]
  1116 | D        | Gained mutation: You have an uncontrollable temper. [a shining eye]
  1116 | D        | Gained mutation: Your spells are much easier to cast, but much less powerful. [a shining eye]
  1117 | D        | Gained mutation: You are very frail. (-20% HP) [a shining eye]
  1118 | D        | Gained mutation: You are extremely frail. (-30% HP) [a shining eye]
  1122 | D        | Gained mutation: Armour fits poorly on your strangely shaped body. [a shining eye]
  1123 | D        | Gained mutation: Scrolls take you longer to read. [a shining eye]
  1124 | D        | Gained mutation: Potions cannot restore your health. [a shining eye]
  1126 | D        | Gained mutation: Scrolls take you much longer to read. [a shining eye]
  1127 | D        | Gained mutation: You occasionally shout uncontrollably at your foes. [a shining eye]
  1135 | D        | Gained mutation: You sometimes yell uncontrollably at your foes. [a shining eye]
  1138 | D        | Gained mutation: You frequently scream uncontrollably at your foes. [a shining eye]
  1139 | D        | Lost mutation: Scrolls take you much longer to read. [a shining eye]
  1140 | D        | Gained mutation: Scrolls take you much longer to read. [a shining eye]
  1151 | D        | Lost mutation: Your flesh is cold resistant. (rC+) [a shining eye]
  1155 | D        | Lost mutation: Your magical capacity is extremely low. (-30% MP) [a shining eye]
  1156 | D        | Gained mutation: Your magical capacity is extremely low. (-30% MP) [a shining eye]
  1164 | D        | Killed a shining eye
  1164 | D        | Reached skill level 15 in Axes
  1166 | D        | Noticed a shining eye
  1166 | D        | Noticed a shining eye
  1171 | D        | Killed a shining eye
  1171 | D        | Lost mutation: You are extremely frail. (-30% HP) [a shining eye]
  1173 | D        | Reached XP level 10. HP: 67/77 MP: 6/6
  1176 | D        | Killed a shining eye
  1176 | D        | Reached skill level 16 in Axes
  1178 | D        | Killed a shining eye
  1178 | D        | Reached skill level 1 in Evocations
  1178 | D        | Killed a shining eye
  1178 | D        | Reached skill level 17 in Axes
  1180 | D        | Killed a shining eye
  1185 | D        | Killed a shining eye
  1188 | D        | Killed a shining eye
  1188 | D        | Reached skill level 18 in Axes
  1478 | D        | Killed a gargoyle
  1496 | D        | Found Bearchoso's Book Shoppe.
  1496 | D        | Found Qelazux's Food Shop.
  1496 | D        | Found Xoasaef's Distillery.
  1496 | D        | Found Zeygel's Antique Armour Boutique.
  1515 | D        | Bought a smoking chain mail for 180 gold pieces
  1527 | D        | Identified the +2 chain mail of the Albatross {+Fly rPois Slay+3 Stlth+} (You bought it in a shop in the Dungeon)
  1542 | D        | Bought a royal jelly for 26 gold pieces
  1542 | D        | Bought 2 fruits for 39 gold pieces
  1542 | D        | Bought a royal jelly for 26 gold pieces
  1542 | D        | Bought a bread ration for 65 gold pieces
  1542 | D        | Bought a bread ration for 65 gold pieces
  1776 | D        | Noticed an oklob plant
  1789 | D        | Killed an oklob plant
  2107 | D        | Killed an unseen horror
  2116 | D        | Killed an unseen horror
  2116 | D        | Reached skill level 19 in Axes
  2116 | D        | Reached XP level 11. HP: 71/88 MP: 7/7
  2374 | D        | Reached skill level 1 in Stealth
  2499 | D        | Found Muott's Gadget Shoppe.
  2499 | D        | Found Eniy's Armour Shop.
  2499 | D        | Found Kuch's Book Boutique.
  2501 | D        | Found Xiemet's Assorted Antiques.
  2501 | D        | Found Peigy's Magic Scroll Shop.
  2501 | D        | Found Ziemno's Book Shoppe.
  2501 | D        | Found Ilangaar's Book Boutique.
  2501 | D        | Found Yggomn's Assorted Antiques.
  2501 | D        | Found Tunes's Book Shop.
  2501 | D        | Found Yfaptumn's Antique Weapon Shoppe.
  2503 | D        | Found Hegawit's Assorted Antiques.
  2504 | D        | Found Vuaduepse's Food Emporium.
  2504 | D        | Found Fesejaor's Antique Weapon Boutique.
  2505 | D        | Found Lytow's Jewellery Emporium.
  2561 | D        | Found a sparkling altar of Nemelex Xobeh.
  2823 | D        | Bought a potion of mutation for 96 gold pieces
  2922 | D        | Noticed a sun demon
  2922 | D        | Paralysed by a floating eye for 3 turns
  2933 | D        | Noticed a sun demon
  2988 | D        | Reached skill level 15 in Armour
  3074 | D        | Noticed a lindwurm
  3083 | D        | Slain by a lindwurm

Skill      XL: |  1  2  3  4  5  6  7  8  9 10 11 |
---------------+----------------------------------+-----
Fighting       | 4 6 7 8 9 10 12 14 | 14.9
Axes           | 3 5 7 8 9 12 13 15 19 | 19.6
Armour         | 4 6 8 9 10 11 12 14 15 | 15.1
Shields        | 5 6 8 9 11 12 13 | 13.7
Unarmed Combat | 1 2 3 |  3.4
Dodging        | 1 2 3 4 5 6 |  6.2
Evocations     | 1 |  1.1
Stealth        | 1 |  1.2

Action                   |  1- 3 |  4- 6 |  7- 9 | 10-12 || total
-------------------------+-------+-------+-------+-------++-------
Melee: Unarmed           |     5 |       |       |       ||     5
       War axe           |     7 |    22 |    41 |   119 ||   189
       Headbutt          |     3 |     5 |    10 |    26 ||    44
Evoke: Wand              |       |       |     1 |       ||     1
  Use: Potion            |       |       |     2 |       ||     2
       Scroll            |       |       |     1 |       ||     1
  Eat: Fruit             |       |       |       |     2 ||     2
       Royal jelly       |       |       |       |     2 ||     2
Armor: Scale mail        |       |     6 |     6 |       ||    12
       Chain mail        |       |       |       |    50 ||    50
Dodge: Dodged            |     3 |     6 |     8 |    24 ||    41
Block: Shield            |     3 |     4 |    24 |    35 ||    66
